 Dungeon Crawl Stone Soup version 0.32-a0-120-gfac0567ad4 (webtiles) character file.

Game seed: 11627098867495608985

17246 pokeman the Eclecticist (level 12, -15/66 HPs)
             Began as a Deep Elf Hedge Wizard on Feb 6, 2024.
             Was an Elder of Vehumet.
             Demolished by a harpy simulacrum (19 damage)
             ... in an ice cave.
             The game lasted 00:44:22 (13952 turns).

pokeman the Eclecticist (Deep Elf Hedge Wizard)    Turns: 13952, Time: 00:44:23

Health: -15/66     AC: 12    Str:  7    XL:     12   Next: 17%
Magic:  32/34      EV: 14    Int: 31    God:    Vehumet [****..]
Gold:   295        SH:  0    Dex: 14    Spells: 24/44 levels left

rFire   . . .        T - +9 staff of Olgreb {rPois∞}
rCold   . . .        (no shield)
rNeg    . . .        E - +0 steam dragon scales
rPois   ∞            i - +0 helmet
rElec   .            R - +2 cloak {rCorr}
rCorr   +            s - +1 pair of gloves
SInv    .            (no boots)
Will    +....        I - amulet of magic regeneration
Stlth   ++           k - +6 ring of intelligence
HPRegen 0.31/turn    m - ring of wizardry
MPRegen 0.64/turn

%: wizardry (x1)
@: slowed, very slow
A: no striking features
a: Renounce Religion, Evoke the Staff of Olgreb


You were in an ice cave.
You worshipped Vehumet.
Vehumet was greatly pleased with you.
You visited 2 branches of the dungeon, and saw 12 of its levels.
You also visited: Ice Cave.

You collected 794 gold pieces.
You spent 499 gold pieces at shops.

Inventory:

Hand Weapons
 T - the +9 staff of Olgreb (weapon) {rPois∞}
   (You found it on level 6 of the Dungeon)

   Radiate:   It can be activated via the 'a'bility menu to radiate toxic
   energy, with effectiveness depending on Evocations skill.
   Alch:      It enhances your alchemy magic.
   rPois∞: It grants immunity to poison.
Missiles
 u - 5 throwing nets
 F - a curare-tipped dart
Armour
 f - a +2 kite shield of cold resistance
 i - a +0 helmet (worn)
 s - a +1 pair of gloves (worn)
 E - +0 steam dragon scales (worn)
 R - a +2 cloak of preservation (worn)
Jewellery
 c - a ring of see invisible
 k - a +6 ring of intelligence (left hand)
 m - a ring of wizardry (right hand)
 p - a ring of flight
 I - an amulet of magic regeneration (around neck)
 P - a ring of fire
Wands
 B - a wand of quicksilver (10)
 C - a wand of polymorph (13)
 Q - a wand of roots (13)
Scrolls
 b - a scroll of blinking
 e - a scroll of immolation
 h - a scroll of noise {unknown}
 o - 7 scrolls of teleportation
 z - a scroll of summoning {unknown}
 O - a scroll of enchant armour {unknown}
Potions
 a - 3 potions of lignification {unknown}
 d - 4 potions of magic
 g - a potion of invisibility {unknown}
 l - 5 potions of curing {unknown}
 D - 2 potions of brilliance {unknown}
 G - 2 potions of attraction {unknown}
 H - a potion of berserk rage {unknown}
 K - 3 potions of might {unknown}
 M - a potion of heal wounds {unknown}
 N - a potion of cancellation {unknown}
 U - a potion of mutation {unknown}
 Y - a potion of degeneration {unknown}


   Skills:
 - Level 4.0 Fighting
 - Level 5.0 Armour
 - Level 5.0 Dodging
 - Level 3.0 Stealth
 + Level 1.9 Shields
 * Level 16.8 Spellcasting
 + Level 9.9 Conjurations
 - Level 1.1 Summonings
 - Level 3.0 Necromancy
 - Level 1.1 Translocations
 + Level 3.2 Fire Magic
 - Level 1.1 Ice Magic
 - Level 1.0 Air Magic
 - Level 1.1 Earth Magic
 - Level 7.1 Alchemy
 - Level 3.1 Evocations


You had 24 spell levels left.
You knew the following spells:

 Your Spells              Type           Power      Damage    Failure   Level
a - Magic Dart            Conj           100%       1d8       0%          1
b - Mephitic Cloud        Conj/Alch/Air  77%        N/A       1%          3
c - Call Imp              Summ           64%        N/A       1%          2
d - Blink                 Tloc           64%        N/A       1%          2
e - Ignite Poison         Fire/Alch      72%        N/A       1%          4
f - Freezing Cloud        Conj/Ice/Air   25%        6-21      1%          5
g - Stone Arrow           Conj/Erth      100%       3d13      1%          3

Your spell library contained the following spells:

 Spells                   Type           Power      Damage    Failure   Level
 Slow                     Hex            100%       N/A       1%          1
 Cigotuvi's Dreadful Rot  Necr/Alch/Air  100%       N/A       1%          2
 Lesser Beckoning         Tloc           64%        N/A       1%          2
 Momentum Strike          Conj/Tloc      100%       3d10      1%          2
 Frozen Ramparts          Ice            66%        1d10      1%          3
 Fugue of the Fallen      Necr           44%        N/A       1%          3
 Ozocubu's Armour         Ice            33%        N/A       1%          3
 Leda's Liquefaction      Alch/Erth      33%        N/A       1%          4
 Petrify                  Alch/Erth      67%        N/A       1%          4
 Sticky Flame             Fire/Alch      72%        2d12      1%          4
 Eringya's Noxious Bog    Alch           41%        4d6       1%          6
 Manifold Assault         Tloc           32%        N/A       4%          4
 Summon Forest            Summ/Tloc      16%        N/A       12%         5
 Metabolic Englaciation   Hex/Ice        14%        N/A       14%         5
 Ignition                 Fire           23%        3d8       88%         8
 Summon Hydra             Summ           16%        N/A       96%         7


Dungeon Overview and Level Annotations

Branches:
Dungeon (11/15)            Temple (1/1) D:4           IceCv (1/1)
   Lair: D:8-11         Orc: D:9-12

Altars:
Ashenzari
Cheibriados
Dithmenos
Elyvilon
Fedhas
Gozag
Hepliaklqana
Kikubaaqudgha
Makhleb
Nemelex Xobeh
Okawaru
Qazlal
Ru
Sif Muna
Trog
Uskayaw
Vehumet
Wu Jian
Xom
Yredelemnul
Zin
The Shining One
Lugonu

Shops:
D:8 :*   D:9 ?

Portals:
Abyss: D:6


Message History

You kill the ufetubus!
Vehumet accepts your kill.
You feel your power returning. The ufetubus misses you.
The ufetubus closely misses you.
The ufetubus hits you but does no damage.
The ufetubus closely misses you.
You closely miss the ufetubus. The ufetubus closely misses you.
The ufetubus hits you but does no damage.
The ufetubus completely misses you. The ufetubus barely misses you.
Unknown command.
You miss the ufetubus. The ufetubus hits you. x2
The ufetubus completely misses you.
The ufetubus hits you but does no damage.
The ufetubus barely misses you. The ufetubus misses you.
Unknown command.
You thump the ufetubus!
You kill the ufetubus!
Vehumet accepts your kill.
You feel your power returning. The harpy simulacrum barely misses you.
The harpy simulacrum misses you. The harpy simulacrum claws you.
The harpy simulacrum freezes you!!
The harpy simulacrum completely misses you.
The harpy simulacrum claws you but does no damage. x2
Casting: Stone Arrow (safe; 1% risk of failure)
Confirm with . or Enter, or press ? or * to list all spells.
Aiming: Stone Arrow (safe; 1% risk of failure)
Press: ? - help, Shift-Dir - straight line, f - harpy simulacrum
Aim: a harpy simulacrum (92% to hit)
The stone arrow hits the harpy simulacrum!
The harpy simulacrum is severely damaged.
The harpy simulacrum barely misses you. The harpy simulacrum claws you.
* * * LOW HITPOINT WARNING * * *
The harpy simulacrum freezes you!
* * * LOW HITPOINT WARNING * * *
The harpy simulacrum claws you but does no damage.
The harpy simulacrum closely misses you.
The harpy simulacrum claws you.
* * * LOW HITPOINT WARNING * * *
The harpy simulacrum freezes you!!
You die...

#.....## ####...##
##...####
###....#####
###...#... ###
###....# ##.######
######
###.#.#..)## ##
#@Z###..⌠..# ##.
###†.##...######..
.##..#####.....
###..####.....#
##...#....###
###...#### #####


You could see a harpy simulacrum.

Vanquished Creatures
  2 two-headed ogres (D:10)
  A centaur warrior (D:8)
  Erica (D:10)
  2 bog bodies (IceCv)
  Pikel (D:5)
  2 cyclopes
  Maurice (D:8)
  An ice statue (IceCv)
  Joseph (D:7)
  2 anaconda simulacra (IceCv)
  An ice devil (IceCv)
  A troll (D:10)
  A wind drake (D:7)
  A hornet (D:8)
  2 dire elephant simulacra (IceCv)
  A wraith (D:10)
  4 wyverns
  Eustachio (D:5)
  9 yaks
  6 humans (D:7)
  A steam dragon (D:9)
  2 death yak simulacra (IceCv)
  2 redbacks (D:6)
  Menkaure (D:7)
  2 acid dragons
  A hydra simulacrum (IceCv)
  Edmund (D:5)
  3 water moccasins
  5 orc warriors
  A sky beast (D:7)
  3 ice beasts
  2 black bears (D:5)
  4 centaurs
  A wolf (D:6)
  A lemure (D:5)
  3 phantoms
  2 kobold brigands (D:6)
  A gnoll sergeant (D:9)
  3 two-headed ogre simulacra (IceCv)
  6 scorpions
  2 cane toad simulacra (IceCv)
  2 bullfrogs
  11 wights
  4 elephant simulacra (IceCv)
  17 killer bees
  4 howler monkeys
  2 jellies (D:5)
  2 bombardier beetles
  5 hounds
  4 orc priests
  Crazy Yiuf (D:4)
  4 iguanas
  11 orc wizards
  A polar bear simulacrum (IceCv)
  5 spriggan simulacra (IceCv)
  A wolf simulacrum (IceCv)
  8 troll simulacra (IceCv)
  9 gnolls
  11 adders
  4 naga simulacra (IceCv)
  4 shadow imps
  7 white imps
  7 ufetubi (IceCv)
  2 ribbon worms
  2 dart slugs (D:4)
  29 orcs
  10 bats
  8 endoplasms
  2 giant cockroaches
  9 goblins
  7 hobgoblins
  3 jackals (D:1)
  5 quokkas
  4 ball pythons
  13 kobolds
  4 rats
310 creatures vanquished.

Vanquished Creatures (collateral kills)
  A yak (D:8)
  A scorpion (D:6)
  A killer bee (D:6)
  An iguana (D:6)
4 creatures vanquished.

Vanquished Creatures (others)
  A killer bee (D:6)
1 creature vanquished.

Grand Total: 315 creatures vanquished

Notes
Turn   | Place    | Note
-------+----------+-------------------------------------------
     0 | D:1      | pokeman the Deep Elf Hedge Wizard began the quest for the
                  | Orb.
     0 | D:1      | Reached XP level 1. HP: 10/10 MP: 7/7
   295 | D:1      | Reached XP level 2. HP: 6/16 MP: 0/9
   527 | D:1      | Reached skill level 5 in Spellcasting
   675 | D:1      | Reached XP level 3. HP: 20/20 MP: 7/11
   684 | D:1      | Learned a level 3 spell: Mephitic Cloud
   687 | D:1      | Learned a level 2 spell: Call Imp
   690 | D:1      | Learned a level 2 spell: Blink
  1497 | D:1      | Reached skill level 1 in Fighting
  1681 | D:2      | Reached skill level 1 in Armour
  1766 | D:2      | Reached XP level 4. HP: 25/25 MP: 5/13
  2629 | D:3      | Found a sacrificial altar of Ru.
  2913 | D:3      | Found a stormy altar of Qazlal.
  3086 | D:3      | Found a snail-covered altar of Cheibriados.
  3226 | D:3      | Reached skill level 6 in Spellcasting
  3226 | D:3      | Found an iron altar of Okawaru.
  3419 | D:3      | Reached XP level 5. HP: 29/29 MP: 6/15
  4223 | D:4      | Reached skill level 1 in Alchemy
  4235 | D:4      | Reached skill level 1 in Air Magic
  4235 | D:4      | Reached XP level 6. HP: 27/34 MP: 5/17
  4359 | D:4      | Found a hazy altar of Hepliaklqana.
  4517 | D:4      | Found a staircase to the Ecumenical Temple.
  4636 | Temple   | Entered the Ecumenical Temple
  4657 | Temple   | Became a worshipper of Vehumet
  4795 | D:4      | Found a runed translucent door.
  4796 | D:4      | Noticed Crazy Yiuf
  4822 | D:4      | Killed Crazy Yiuf
  4920 | D:5      | Entered Level 5 of the Dungeon
  4974 | D:5      | Noticed Pikel
  4993 | D:5      | Killed Pikel
  4993 | D:5      | Noticed Eustachio
  4994 | D:5      | Reached skill level 8 in Spellcasting
  4994 | D:5      | Reached XP level 7. HP: 26/38 MP: 14/20
  4999 | D:5      | Killed Eustachio
  5034 | D:5      | Reached skill level 5 in Dodging
  5034 | D:5      | Reached XP level 8. HP: 34/43 MP: 14/22
  5119 | D:5      | Reached skill level 9 in Spellcasting
  5739 | D:5      | Reached skill level 5 in Conjurations
  5784 | D:5      | Noticed Edmund
  5809 | D:5      | Reached skill level 10 in Spellcasting
  5844 | D:5      | Killed Edmund
  5974 | D:5      | Found an ornate altar of the Wu Jian Council.
  5976 | D:5      | Found a shadowy altar of Dithmenos.
  6168 | D:6      | Found a runed translucent door.
  6225 | D:6      | Found a runed translucent door.
  6229 | D:6      | Found a runed translucent gate.
  6229 | D:6      | Found a runed translucent gate.
  6235 | D:6      | Found the +9 staff of Olgreb {rPois∞}
  6246 | D:6      | Found a one-way gate to the infinite horrors of the Abyss.
  6246 | D:6      | Noticed Maggie
  6252 | D:6      | Maggie changed into Maggie the wolf
  6252 | D:6      | Noticed Maggie
  6276 | D:6      | Killed Maggie the wolf
  6537 | D:6      | Found a runed translucent gate.
  6641 | D:6      | Reached skill level 11 in Spellcasting
  6810 | D:6      | Reached XP level 9. HP: 48/48 MP: 23/26
  6955 | D:6      | Found a large runed translucent door.
  6955 | D:6      | Found a large runed translucent door.
  6959 | D:6      | Found a corrupted altar of Lugonu.
  7371 | D:7      | Noticed Menkaure
  7378 | D:7      | Noticed Joseph
  7381 | D:7      | Killed Menkaure
  7406 | D:7      | Reached * piety under Vehumet
  7406 | D:7      | Offered knowledge of Sting by Vehumet.
  7410 | D:7      | Killed Joseph
  7411 | D:7      | Reached skill level 12 in Spellcasting
  7749 | D:7      | Noticed Jeremiah
  7978 | D:7      | Jeremiah changed into Jeremiah the wind drake
  7978 | D:7      | Noticed Jeremiah
  7995 | D:7      | Killed Jeremiah the wind drake
  8447 | D:8      | Noticed a centaur warrior
  8472 | D:8      | Killed a centaur warrior
  8473 | D:8      | Reached skill level 13 in Spellcasting
  8473 | D:8      | Reached XP level 10. HP: 39/56 MP: 27/29
  8546 | D:8      | Noticed a cyclops
  8574 | D:8      | Killed a cyclops
  8874 | D:8      | Reached skill level 5 in Alchemy
  8957 | D:8      | Reached skill level 14 in Spellcasting
  8974 | D:8      | Reached skill level 1 in Necromancy
  8979 | D:8      | HP: 2/56 [poisoned by a water moccasin]
  9391 | D:8      | Found Bimpug's Book Shoppe.
  9395 | D:8      | Found Wuijoh's Assorted Antiques.
  9406 | D:8      | Bought a scroll labelled MOSOIT HONA for 37 gold pieces
  9406 | D:8      | Bought a scroll labelled ISOSKE JYUCEK for 37 gold pieces
  9406 | D:8      | Bought a scroll labelled RUWIHUNT CEXE for 37 gold pieces
  9745 | D:8      | Noticed Maurice
  9768 | D:8      | Killed Maurice
  9890 | D:8      | Bought a Trismegistus Codex for 308 gold pieces
  9895 | D:8      | Learned a level 4 spell: Ignite Poison
  9901 | D:8      | Learned a level 5 spell: Freezing Cloud
  9990 | D:9      | Found Juof's Magic Scroll Shoppe.
 10003 | D:9      | Offered knowledge of Static Discharge by Vehumet.
 10015 | D:9      | Reached ** piety under Vehumet
 10119 | D:9      | Bought a scroll of teleportation for 30 gold pieces
 10119 | D:9      | Bought a scroll of identify for 20 gold pieces
 10119 | D:9      | Bought a scroll of teleportation for 30 gold pieces
 10246 | D:9      | Reached XP level 11. HP: 53/61 MP: 22/31
 10500 | D:9      | Reached skill level 1 in Fire Magic
 10589 | D:9      | Reached skill level 1 in Ice Magic
 11294 | D:6      | Offered knowledge of Inner Flame by Vehumet.
 11298 | D:6      | Reached skill level 15 in Spellcasting
 11525 | D:10     | Entered Level 10 of the Dungeon
 11538 | D:10     | Reached *** piety under Vehumet
 11582 | D:10     | Noticed Erica
 11593 | D:10     | Killed Erica
 11994 | D:10     | Found a burning altar of Makhleb.
 12018 | D:10     | Noticed a two-headed ogre
 12019 | D:10     | Noticed a two-headed ogre
 12028 | D:10     | Killed a two-headed ogre
 12031 | D:10     | Killed a two-headed ogre
 12912 | D:11     | Reached skill level 16 in Spellcasting
 12912 | D:11     | Offered knowledge of Olgreb's Toxic Radiance by Vehumet.
 13051 | D:11     | Found a frozen archway.
 13061 | IceCv    | Entered an ice cave
 13095 | IceCv    | Reached skill level 5 in Armour
 13286 | IceCv    | Reached **** piety under Vehumet
 13405 | IceCv    | Offered knowledge of Stone Arrow by Vehumet.
 13412 | IceCv    | Learned a level 3 spell: Stone Arrow
 13736 | IceCv    | Reached skill level 1 in Shields
 13848 | IceCv    | Reached XP level 12. HP: 66/66 MP: 29/34
 13850 | IceCv    | Reached skill level 1 in Earth Magic
 13952 | IceCv    | Demolished by a harpy simulacrum

Illustrated notes

Levels and vault maps discovered:
D:1:      roderic_octagonal_star, layout_basic
D:2:      layout_basic, serial_bayou_crossing
D:3:      layout_basic, okawaru_altar_gauntlet_db, chei_slow_surprise,
          mainiacjoe_overflow_alcove_2, nicolae_overflow_hidden_temple
D:4:      layout_basic, lemuel_tele_altar, temple_statues,
          uniq_crazy_yiuf_cottage
D:5:      layout_loops_cross, gammafunk_temple_overflow_wave, uniq_edmund,
          uniq_eustachio, uniq_pikel
D:6:      due_chaos_kobolds, layout_gridville, serial_glass, glass_columns_a,
          glass_columns_a, glass_columns_c, minivault_23,
          minmay_guarded_unrand_staff_of_olgreb, uniq_maggie
D:7:      layout_basic, minmay_ruffians, uniq_jeremiah, uniq_joseph,
          uniq_menkaure
D:8:      minmay_distorted_concentric_squares, layout_cave_pools, serial_shops,
          shop, shop_fountains, grunt_ministairs_13, hex_large, uniq_maurice
D:9:      layout_cave_pods, serial_shops, shop
D:10:     layout_roguey, lightli_temple_of_fire, uniq_erica
D:11:     layout_loops_ring, minmay_lair_entry_grove, erik_orc_1,
          portal_ice_cave_entry_pillars_2
Temple:   jpeg_temple_clearing
IceCv:    ice_cave_caverns_01

Skill      XL: |  1  2  3  4  5  6  7  8  9 10 11 12 |
---------------+-------------------------------------+-----
Spellcasting   | 5 6 8 11 13 14 16 | 16.8
Fighting       | 1 2 3 4 |  4.0
Armour         | 1 2 3 5 |  5.0
Conjurations   | 2 4 5 7 8 9 |  9.9
Stealth        | 3 |  3.0
Dodging        | 3 4 5 |  5.0
Alchemy        | 1 4 5 7 |  7.1
Air Magic      | 1 |  1.0
Evocations     | 2 3 |  3.1
Necromancy     | 2 3 |  3.0
Fire Magic     | 2 3 |  3.2
Ice Magic      | 1 |  1.1
Shields        | 1 |  1.9
Earth Magic    | 1 |  1.1
Summonings     | |  1.1
Translocations | |  1.1

Action                     |  1- 3 |  4- 6 |  7- 9 | 10-12 || total
---------------------------+-------+-------+-------+-------++-------
  Melee: Dagger            |     2 |    45 |       |       ||    47
         Punch             |       |     4 |       |     2 ||     6
         Quarterstaff      |       |    13 |    58 |       ||    71
         Dire flail        |       |       |    88 |   128 ||   216
         Staff             |       |       |       |    35 ||    35
   Cast: Magic Dart        |    94 |   131 |   146 |   107 ||   478
         Mephitic Cloud    |       |    10 |    32 |    75 ||   117
         Call Imp          |       |     1 |     5 |     9 ||    15
         Blink             |       |       |     1 |     3 ||     4
         Ignite Poison     |       |       |       |    34 ||    34
         Stone Arrow       |       |       |       |    25 ||    25
         Freezing Cloud    |       |       |       |    12 ||    12
Ability: Evoke the Staff o |       |       |       |     3 ||     3
  Evoke: Wand              |       |       |     8 |       ||     8
    Use: Scroll            |       |       |       |     9 ||     9
   Stab: Confused          |       |     7 |    16 |    11 ||    34
         Paralysed         |       |     1 |       |       ||     1
         Petrified         |       |       |     1 |       ||     1
         Sleeping          |       |       |     1 |       ||     1
 Armour: Robe              |     9 |    38 |    35 |       ||    82
         Steam dragon scal |       |       |    41 |   157 ||   198
  Dodge: Dodged            |    16 |    33 |   117 |   172 ||   338

Table legend: (Time is in decaauts)
 A = Elapsed time spent in this place.
 B = Non-inter-level travel time spent in this place.
 C = Inter-level travel time spent in this place.
 D = Time resting spent in this place.
 E = Time spent auto-exploring this place.
 F = Levels seen in this place.
 G = Mean time per level.
                   A        B        C        D        E       F      G
               +--------+--------+--------+--------+--------+-----+--------+
         Total |  14060 |  13181 |    879 |    946 |   9671 |  13 | 1081.5 |
       Dungeon |  13091 |  12256 |    835 |    734 |   9235 |  11 | 1190.1 |
        Temple |     72 |     29 |     43 |      0 |      0 |   1 |   72.0 |
      Ice Cave |    896 |    896 |      0 |    212 |    436 |   1 |  896.0 |
               +--------+--------+--------+--------+--------+-----+--------+

Top non-repeatable levels by time:
     D:6: 1670 daAuts
     D:8: 1563 daAuts
     D:1: 1552 daAuts
     D:4: 1317 daAuts
     D:5: 1289 daAuts
     D:7: 1215 daAuts
     D:3: 1183 daAuts
     D:9: 1166 daAuts
    D:10: 1043 daAuts
   IceCv: 896 daAuts
     D:2: 859 daAuts
    D:11: 230 daAuts
  Temple: 72 daAuts
